 Dungeon Sprint DCSS version 0.24-a0-586-g8e0e932 (webtiles) character file.

Game seed: 4804393911798114915, levelgen mode: deterministic

272578 silentkaos13 the Imperceptible (level 12, 80/80 HPs)
             Began as a Kobold Assassin on Sept 8, 2019.
             Was the Champion of Dithmenos.
             Escaped with the Orb!
             The game lasted 00:13:53 (1666 turns).

silentkaos13 the Imperceptible (Kobold Assassin)    Turns: 1666, Time: 00:13:53

Health: 80/80      AC: 16    Str: 12    XL:     12   Next: 96%
Magic:  26/26      EV: 23    Int: 14    God:    Dithmenos [******]
Gold:   755        SH:  0    Dex: 16    Spells: 11/11 levels left

rFire    + . .     SeeInvis +   q - +4 short sword (venom)
rCold    . . .     Gourm    .   (shield restricted)
rNeg     . . .     Faith    +   t - +4 moon troll leather armour {Spirit, Regen++ MP+5}
rPois    .         Spirit   +   (no helmet)
rElec    .         Reflect  .   c - +0 cloak
rCorr    .         Harm     .   (no gloves)
MR       .....     NoTele   +   D - +4 pair of boots of Rusiugyi {rF+}
Stlth    +++++.....             o - amulet of faith
HPRegen  1.03/turn              z - ring of see invisible
MPRegen  0.20/turn              A - ring of flight

@: wreathed by umbra
A: small, carnivore
0: Orb of Zot
a: Shadow Step, Shadow Form, Renounce Religion, Evoke Flight


You escaped.
You worshipped Dithmenos.
Dithmenos was exalted by your worship.
You were completely stuffed.

You visited 1 branch You collected 1894 gold pieces.
You spent 1139 gold pieces at shops.

Inventory:

Hand Weapons
 a - a +2 dagger
 q - a +4 short sword of venom (weapon)
Missiles
 e - 7 curare-tipped darts (quivered)
 m - 8 poisoned darts
Armour
 b - a +0 robe
 c - a +0 cloak (worn)
 n - a +2 leather armour of fire resistance
 r - a +0 troll leather armour
 t - the +4 moon troll leather armour (worn) {Spirit, Regen++ MP+5}
   (You bought it in a shop in the Dungeon)

   It affects your magic capacity (+5).
   It increases your rate of regeneration.
 w - a +0 helmet of see invisible
 D - the +4 pair of boots of Rusiugyi (worn) {rF+}
   (You found it in the Dungeon)

   It protects you from fire.
Jewellery
 o - an amulet of faith (around neck)
 s - an uncursed amulet of regeneration
 z - a ring of see invisible (left hand)
 A - a ring of flight (right hand)
Wands
 d - a wand of flame (21)
 p - a wand of polymorph (6)
 y - a wand of digging (3)
Scrolls
 l - a scroll of blinking
 u - a scroll of enchant weapon {unknown}
 x - 2 scrolls of magic mapping
Potions
 g - 4 potions of curing
 h - a potion of heal wounds
 j - 2 potions of magic
 k - 2 potions of berserk rage
 v - 2 potions of ambrosia
Comestibles
 f - 3 rations
 B - 2 chunks of flesh


   Skills:
 + Level 11.6 Fighting
 * Level 19.1 Short Blades
 - Level 7.6 Throwing
 * Level 9.9 Armour
 + Level 11.5 Dodging
 - Level 21.4 Stealth
 * Level 13.0 Invocations
 + Level 2.4 Evocations


You had 11 spell levels left.
You didn't know any spells.
Your spell library was empty.

Dungeon Overview and Level Annotations

Branches:
Dungeon (1/1)

Altars:
Cheibriados
Dithmenos
Elyvilon
Fedhas
Gozag
Hepliaklqana
Kikubaaqudgha
Makhleb
Nemelex Xobeh
Okawaru
Qazlal
Ru
Sif Muna
Trog
Uskayaw
Vehumet
Wu Jian
Xom
Yredelemnul
Zin
The Shining One
Jiyva
Lugonu

Shops:
D (!*[([(==}?=:**[!

Annotations:
D Tiamat


Innate Abilities, Weirdness & Mutations

You are small and have problems with some larger weapons.
You are carnivorous and can eat meat at any time.


Message History

Items here: ÷÷÷÷ a hog skeleton x4
You see here a hog skeleton.
Things that are here:
a +0 dagger; a +0 robe
There is an open door here.
Your extra speed is starting to run out.
There is an open door here.
There is an open door here.
You are starting to lose your buoyancy.
There is an open door here.
Things that are here:
a +0 scythe; a +0 robe You feel yourself slow down.
There is an open door here.
There is an open door here.
There is an open door here.
You float gracefully downwards.
There is a staircase leading out of the dungeon here.
You have escaped!

##################
#@.#..'..#.)'..#__
#..'..#..'..#..'..
#..#####'#####'#__
#..####..#...#.###
#).#__####..##§#§§
#..#_____##'#_§§≈≈
#⌠⌠#_.∩...'..._#≈≈
####_..__##_.#'##'
*,,#_____###'#.#.)


There were no monsters in sight!

Vanquished Creatures
  A daeva (D)
  4 fire giants (D)
  2 centaur warriors (D)
  Sonja (D)
  7 unseen horrors (D)
  A deep troll (D)
  A lindwurm (D)
  An oklob plant (D)
  4 demonic crawlers (D)
  2 kobold demonologists (D)
  A hornet (D)
  A slime creature (D)
  2 redbacks (D)
  Sigmund (D)
  13 hogs (D)
  A yak (D)
  2 floating eyes (D)
  7 necrophages (D)
  An ogre (D)
  8 jellies (D)
  Ijyb (D)
  3 ballistomycetes (D)
65 creatures vanquished.

Vanquished Creatures (others)
  3 hornets (D)
  2 ballistomycete spores (D)
5 creatures vanquished.

Grand Total: 70 creatures vanquished

Notes
Turn   | Place    | Note
-------+----------+-------------------------------------------
     0 | D        | silentkaos13 the Kobold Assassin began the quest for the
                  | Orb.
     0 | D        | Reached XP level 1. HP: 12/12 MP: 1/1
     1 | D        | Noticed Ijyb
    15 | D        | Killed Ijyb
    15 | D        | Reached skill level 8 in Stealth
    15 | D        | Reached XP level 2. HP: 14/18 MP: 2/2
    15 | D        | Reached XP level 3. HP: 17/22 MP: 3/3
    80 | D        | Noticed an ogre
    93 | D        | Killed an ogre
    93 | D        | Reached skill level 11 in Stealth
    93 | D        | Reached XP level 4. HP: 28/28 MP: 4/4
    93 | D        | Reached XP level 5. HP: 32/32 MP: 5/5
   223 | D        | Noticed Sigmund
   226 | D        | Killed Sigmund
   226 | D        | Reached skill level 5 in Short Blades
   226 | D        | Reached skill level 13 in Stealth
   226 | D        | Reached XP level 6. HP: 39/39 MP: 6/6
   238 | D        | Found an ornate altar of the Wu Jian Council.
   238 | D        | Found a shimmering blue altar of Sif Muna.
   240 | D        | Found a radiant altar of Vehumet.
   244 | D        | Reached skill level 14 in Stealth
   276 | D        | Found Zaobit's Distillery.
   276 | D        | Found an ancient bone altar of Kikubaaqudgha.
   276 | D        | Found a hazy altar of Hepliaklqana.
   276 | D        | Found a stormy altar of Qazlal.
   276 | D        | Found a hide-covered altar of Uskayaw.
   276 | D        | Found a blossoming altar of Fedhas.
   276 | D        | Found a bloodstained altar of Trog.
   276 | D        | Found an iron altar of Okawaru.
   276 | D        | Found a basalt altar of Yredelemnul.
   276 | D        | Found a glowing golden altar of the Shining One.
   276 | D        | Found a snail-covered altar of Cheibriados.
   276 | D        | Found a sacrificial altar of Ru.
   276 | D        | Found a glowing silver altar of Zin.
   276 | D        | Found a shadowy altar of Dithmenos.
   276 | D        | Found a white marble altar of Elyvilon.
   276 | D        | Noticed a yak
   277 | D        | Found an opulent altar of Gozag.
   278 | D        | Killed a yak
   278 | D        | Reached skill level 5 in Fighting
   278 | D        | Reached skill level 15 in Stealth
   278 | D        | Reached XP level 7. HP: 44/44 MP: 7/7
   279 | D        | Found a sparkling altar of Nemelex Xobeh.
   286 | D        | Became a worshipper of Dithmenos the Shadowed
   301 | D        | Found a burning altar of Makhleb.
   301 | D        | Found a viscous altar of Jiyva.
   301 | D        | Found a shimmering altar of Xom.
   301 | D        | Found a corrupted altar of Lugonu.
   301 | D        | Noticed a slime creature
   304 | D        | Killed a slime creature
   304 | D        | Reached skill level 16 in Stealth
   316 | D        | Noticed a kobold demonologist
   317 | D        | Noticed a kobold demonologist
   319 | D        | Reached * piety under Dithmenos
   319 | D        | Reached skill level 1 in Armour
   319 | D        | Reached skill level 17 in Stealth
   319 | D        | Reached skill level 1 in Invocations
   319 | D        | Reached XP level 8. HP: 51/51 MP: 7/9
   321 | D        | Killed a kobold demonologist
   323 | D        | Killed a kobold demonologist
   323 | D        | Reached skill level 18 in Stealth
   343 | D        | Noticed Sonja
   347 | D        | Killed Sonja
   347 | D        | Reached ** piety under Dithmenos
   347 | D        | Reached skill level 19 in Stealth
   347 | D        | Reached skill level 5 in Invocations
   347 | D        | Reached XP level 9. HP: 56/56 MP: 10/13
   364 | D        | Found Tumath's Antique Weapon Boutique.
   384 | D        | Noticed a deep troll
   406 | D        | Killed a deep troll
   406 | D        | Reached skill level 5 in Dodging
   406 | D        | Reached skill level 20 in Stealth
   505 | D        | Found Maosusm's Armour Emporium.
   715 | D        | Bought the +4 moon troll leather armour {Spirit, Regen++
                  | MP+5} for 654 gold pieces
   715 | D        | Found the +4 moon troll leather armour {Spirit, Regen++
                  | MP+5}
   843 | D        | Noticed a centaur warrior
   845 | D        | Noticed a centaur warrior
   847 | D        | Killed a centaur warrior
   847 | D        | Reached skill level 5 in Armour
   847 | D        | Reached XP level 10. HP: 63/63 MP: 15/15
   849 | D        | Killed a centaur warrior
   849 | D        | Reached *** piety under Dithmenos
   849 | D        | Reached skill level 21 in Stealth
   871 | D        | Noticed an oklob plant
   873 | D        | Killed an oklob plant
   886 | D        | Reached **** piety under Dithmenos
   886 | D        | Reached skill level 10 in Short Blades
   921 | D        | Reached ***** piety under Dithmenos
   972 | D        | Reached ****** piety under Dithmenos
  1016 | D        | Killed an unseen horror
  1016 | D        | Reached XP level 11. HP: 27/66 MP: 6/18
  1037 | D        | Killed an unseen horror
  1037 | D        | Reached skill level 10 in Invocations
  1190 | D        | Found Mastrute's Armour Shoppe.
  1190 | D        | Found Koshriqoi's General Store.
  1190 | D        | Found Backa's Antique Weapon Boutique.
  1192 | D        | Found Oceqex's Antique Armour Emporium.
  1192 | D        | Found Gajomapn's Antique Weapon Shop.
  1192 | D        | Found Itsin's Jewellery Shoppe.
  1192 | D        | Found Kaus Asipty's Jewellery Boutique.
  1192 | D        | Found Futoera's Gadget Emporium.
  1192 | D        | Found Jafecs's Magic Scroll Shop.
  1192 | D        | Found Olugg's Jewellery Shoppe.
  1195 | D        | Found Yroygan's Book Boutique.
  1196 | D        | Found Ytuts's Assorted Antiques.
  1196 | D        | Found Apiprim's General Store.
  1197 | D        | Found Woaji's Distillery.
  1208 | D        | Bought an uncursed ring of see invisible for 165 gold
                  | pieces
  1210 | D        | Bought a scroll of identify for 20 gold pieces
  1210 | D        | Bought a scroll of identify for 20 gold pieces
  1214 | D        | Bought a wand of digging (6) for 280 gold pieces
  1277 | D        | Noticed a lindwurm
  1285 | D        | Killed a lindwurm
  1359 | D        | Reached skill level 15 in Short Blades
  1406 | D        | Noticed a daeva
  1410 | D        | Killed a daeva
  1410 | D        | Reached XP level 12. HP: 77/77 MP: 20/20
  1442 | D        | Noticed an unseen horror
  1442 | D        | Noticed an unseen horror
  1442 | D        | Noticed an unseen horror
  1442 | D        | Noticed an unseen horror
  1444 | D        | Killed an unseen horror
  1444 | D        | Reached skill level 1 in Evocations
  1470 | D        | Killed an unseen horror
  1470 | D        | Reached skill level 10 in Fighting
  1472 | D        | Killed an unseen horror
  1475 | D        | Killed an unseen horror
  1511 | D        | Noticed an unseen horror
  1514 | D        | Killed an unseen horror
  1514 | D        | Reached skill level 10 in Dodging
  1518 | D        | Noticed a fire giant
  1520 | D        | Noticed a fire giant
  1520 | D        | Noticed a fire giant
  1520 | D        | Noticed a fire giant
  1521 | D        | Killed a fire giant
  1523 | D        | Killed a fire giant
  1525 | D        | Killed a fire giant
  1528 | D        | Killed a fire giant
  1561 | D        | Got a pair of translucent boots
  1562 | D        | Identified the +4 pair of boots of Rusiugyi {rF+} (You
                  | found it in the Dungeon)
  1581 | D        | Identified the +4 dragonskin cloak
  1581 | D        | Noticed Tiamat
  1597 | D        | Got the Orb of Zot
  1666 | D        | Escaped with the Orb!

Levels and vault maps discovered:
D:        dungeon_sprint_1 [red_sonja_temple_1, red_sonja_temple_small_1]

Skill      XL: |  1  2  3  4  5  6  7  8  9 10 11 12 |
---------------+-------------------------------------+-----
Short Blades   | 3 4 5 6 8 11 16 19 | 19.1
Throwing       | 3 4 6 7 |  7.6
Stealth        | 8 11 13 15 17 19 20 21 | 21.4
Fighting       | 3 4 5 6 7 8 9 11 | 11.6
Dodging        | 2 3 4 5 7 9 11 | 11.5
Armour         | 1 4 5 7 8 9 |  9.9
Invocations    | 1 5 7 9 11 13 | 13.0
Evocations     | 2 |  2.4

Action                   |  1- 3 |  4- 6 |  7- 9 | 10-12 || total
-------------------------+-------+-------+-------+-------++-------
Melee: Dagger            |     6 |     3 |     5 |       ||    14
       Short sword       |       |       |    28 |   221 ||   249
Throw: Dart              |    12 |       |     3 |       ||    15
Invok: Shadow Step       |       |       |       |     1 ||     1
 Abil: Evoke Flight      |       |       |       |     1 ||     1
Evoke: Wand              |       |       |       |     3 ||     3
  Use: Scroll            |       |     1 |       |     5 ||     6
       Potion            |       |       |       |     2 ||     2
 Stab: Sleeping          |       |     3 |     6 |    23 ||    32
       Distracted        |       |       |       |     1 ||     1
  Eat: Chunk             |       |     6 |       |     5 ||    11
Armor: Robe              |     1 |       |       |       ||     1
       Leather armour    |       |       |     1 |       ||     1
       Troll leather arm |       |       |       |    37 ||    37
Dodge: Dodged            |     8 |       |     3 |   153 ||   164

Table legend:
 A = Non-vault XP
 B = Vault XP
 C = Vault XP percentage of total XP
 D = Non-vault monster count
 E = Vault monster count
 F = Vault count percentage of total count
                 A         B        C        D         E       F
            +---------+---------+-------+---------+---------+-------
      Total |       0 |   26541 | 100.0 |       0 |      62 | 100.0
            +---------+---------+-------+---------+---------+-------
          D |       0 |   26541 | 100.0 |       0 |      62 | 100.0
            +---------+---------+-------+---------+---------+-------
